 Dungeon Crawl Stone Soup version 0.20-a0-957-g47ad1fd (webtiles) character file.

24 Leibowitz the Skirmisher (level 3, -1/24 HPs)
             Began as a Kobold Fighter on Apr 5, 2017.
             Slain by Sigmund
             ... wielding a +0 scythe
              (10 damage)
             ... on level 2 of the Dungeon.
             The game lasted 00:02:25 (1081 turns).

Leibowitz the Skirmisher (Kobold Fighter)           Turns: 1081, Time: 00:02:26

Health: -1/24      AC:  6    Str: 13    XL:     3   Next: 15%
Magic:  3/3        EV:  8    Int:  9    God:
Gold:   111        SH:  9    Dex: 15    Spells: 2/2 levels left

rFire    . . .     SeeInvis .   a - +0 rapier
rCold    . . .     Gourm    .   c - +0 shield
rNeg     . . .     Faith    .   b - +0 scale mail
rPois    .         Spirit   .   (no helmet)
rElec    .         Reflect  .   (no cloak)
rCorr    .         Harm     .   (no gloves)
MR       .....                  (no boots)
Stlth    +.........             (no amulet)
Regen    0.1/turn               (no ring)
MPRegen  0.1/turn               (no ring)

@: no status effects
A: carnivore 3
a: no special abilities


You were on level 2 of the Dungeon.
You were very full.

You visited 1 branch of the dungeon, and saw 2 of its levels.

You collected 111 gold pieces.

Inventory:

Hand Weapons
 a - a +0 rapier (weapon)
Armour
 b - a +0 scale mail (worn)
 c - a +0 shield (worn)
Jewellery
 h - a +6 amulet of reflection {unknown}
Scrolls
 e - a scroll of teleportation {unknown}
 i - a scroll of amnesia {unknown}
 k - a scroll of remove curse {unknown}
 l - a scroll of random uselessness {unknown}
 m - 5 scrolls of identify {unknown}
 n - a scroll of recharging {unknown}
 q - a scroll of fear {unknown}
 s - a scroll of noise {unknown}
 t - a scroll of fog {unknown}
 u - a scroll of enchant weapon {unknown}
Potions
 d - a potion of might
 g - a potion of cancellation {unknown}
 j - a potion of lignification {unknown}
 p - a potion of curing {unknown}
 r - a potion of resistance {unknown}
Comestibles
 f - 3 meat rations
 o - a royal jelly


   Skills:
 * Level 3.8 Fighting
 * Level 3.0 Short Blades
 * Level 2.6 Armour
 * Level 1.7 Stealth
 * Level 2.4 Shields


You had 2 spell levels left.
You didn't know any spells.

Dungeon Overview and Level Annotations

Branches:
Dungeon (2/15)

Altars:

Annotations:
D:2 Sigmund


Innate Abilities, Weirdness & Mutations

You are small and have problems with some larger weapons.
You are carnivorous and can eat meat at any time.


Message History

You hit Sigmund.
Sigmund is lightly wounded.
You hit Sigmund.
Sigmund is moderately wounded.
Sigmund casts a spell at you. The magic dart hits you!
Sigmund casts a spell at you. The magic dart hits you!
You closely miss Sigmund.
Sigmund is moderately wounded.
Sigmund completely misses you.
You hit Sigmund.
Sigmund is heavily wounded.
You puncture Sigmund!
Sigmund is severely wounded.
Sigmund hits you with a scythe.
You hit Sigmund.
Sigmund is almost dead.
Sigmund hits you with a scythe!
You die...

#..........# #..........###
######## ##### #............#
..<....# #...# #..........###
.......# #...####..........####
.......#####.<.##................
.......##......##.####...........
.....[..+......##.# #...........
........#.......@.# #...........
........#....##@..####...........
........#.....'.......##.........
........#...###..)....##......###
........#... ###.....##......#
........#... #.....##......#
........#... #.....##......#
#+#####.### #.....##..(...# #.#
##### #.....##......#


You could see Sigmund.

Vanquished Creatures
  2 dart slugs
  A ball python (D:2)
  2 giant cockroaches
  3 goblins
  2 hobgoblins (D:1)
  3 bats (D:1)
  3 frilled lizards
  5 rats
21 creatures vanquished.

Notes
Turn   | Place    | Note
-------+----------+-------------------------------------------
     0 | D:1      | Leibowitz the Kobold Fighter began the quest for the Orb.
     0 | D:1      | Reached XP level 1. HP: 14/14 MP: 1/1
   138 | D:1      | Reached XP level 2. HP: 14/19 MP: 2/2
   632 | D:2      | Reached skill level 1 in Stealth
   643 | D:2      | Noticed Sigmund
   833 | D:2      | Reached XP level 3. HP: 24/24 MP: 3/3
  1081 | D:2      | Slain by Sigmund

Vault maps used:
D:1:      dpeg_arrival_rooms_b
D:2:      uniq_sigmund

Skill      XL: |  1  2 |
---------------+-------+-----
Stealth        | 1 |  1.7
Short Blades   | 3 |  3.0
Fighting       | |  3.8
Armour         | |  2.6
Shields        | |  2.4

Action                   || total
-------------------------++-------
Melee: Rapier            ||    62
  Eat: Chunk             ||     7
Armor: Scale mail        ||    18
Dodge: Dodged            ||    10
Block: Shield            ||    23
